 Dungeon Crawl Stone Soup version 0.29.0-4-gdea44cf6ec (webtiles) character file.

Game seed: 5680969956206413348

48 Destructed3 the Trooper (level 3, -1/29 HPs)
             Began as a Mummy Fighter on Aug 27, 2022.
             Was a High Priest of Ignis.
             Slain by Ijyb
             ... wielding a +0 club
              (2 damage)
             ... on level 3 of the Dungeon.
             The game lasted 00:05:26 (2165 turns).

Destructed3 the Trooper (Mummy Fighter)             Turns: 2165, Time: 00:05:26

Health: -1/29      AC:  6    Str: 19    XL:     3   Next: 50%
Magic:  3/3        EV:  9    Int:  7    God:    Ignis [*****.]
Gold:   90         SH:  4    Dex: 13    Spells: 2/2 levels left

rFire   . . .      SeeInvis .   f - +0 short sword (protect)
rCold   + . .      Faith    .   c - +0 buckler
rNeg    + + +      Spirit   .   b - +0 scale mail
rPois   ∞          Reflect  .   (no helmet)
rElec   .          Harm     .   (no cloak)
rCorr   .          Rampage  .   j - +0 pair of gloves
Will    .....                   (no boots)
Stlth   ..........              (no amulet)
HPRegen 0.09/turn               (no ring)
MPRegen 0.08/turn               (no ring)

@: corroded, under a protective aura
A: cold resistance 1, negative energy resistance 3, torment resistance 2, heat
vulnerability 1, in touch with death 1, no potions
a: Renounce Religion, Fiery Armour, Foxfire Swarm, Rising Flame


You were on level 3 of the Dungeon.
You worshipped Ignis.
Ignis was extremely pleased with you.
You visited 1 branch of the dungeon, and saw 3 of its levels.

You collected 90 gold pieces.

Inventory:

Hand Weapons
 a - a +0 rapier
 d - a +0 sling
 f - a +0 short sword of protection (weapon)
Missiles
 e - 26 stones (quivered)
Armour
 b - a +0 scale mail (worn)
 c - a +0 buckler (worn)
 j - a +0 pair of gloves (worn)
Magical Staves
 g - a staff of cold
Scrolls
 h - a scroll of noise
 i - a scroll of identify


   Skills:
 + Level 3.4 Fighting
 + Level 1.9 Short Blades
 + Level 3.0 Armour
 + Level 0.1 Stealth
 + Level 2.7 Shields


You had 2 spell levels left.
You didn't know any spells.
Your spell library contained the following spells:

 Spells                   Type           Power      Damage    Failure   Level
 Call Canine Familiar     Summ           0%         N/A       99%         3
 Mephitic Cloud           Conj/Pois/Air  0%         N/A       99%         3
 Portal Projectile        Hex/Tloc       0%         N/A       99%         3
 Leda's Liquefaction      Hex/Erth       0%         N/A       100%        4
 Shatter                  Erth           0%         3d5*      100%        9
 Statue Form              Tmut/Erth      Unusable   N/A       N/A         6

Dungeon Overview and Level Annotations

Branches:
Dungeon (3/15)

Altars:
Ignis

Shops:
D:1 :

Annotations:
D:3 Ijyb


Innate Abilities, Weirdness & Mutations

You are immune to poison.
Your flesh is cold resistant. (rC+)
You are immune to negative energy. (rN+++)
You are immune to unholy pain and torment.
You are vulnerable to heat. (rF-)
You are in touch with the powers of death.
You do not drink.


Message History

You hit the ball python.
Your weapon exudes an aura of protection.
You kill the ball python!
HP restored.
You now have 90 gold pieces (gained 7).
A frilled lizard comes into view.
A frilled lizard is nearby!
Ijyb the Twisted Goblin comes into view.
She is wielding a +0 club and carrying a wand of acid (8).
Ijyb shouts!
The frilled lizard bites you but does no damage.
An endoplasm comes into view.
You hit the frilled lizard.
Your weapon exudes an aura of protection.
The frilled lizard is heavily wounded.
Ijyb zaps a wand.
The bolt of acid hits you! The acid corrodes you!
The frilled lizard bites you but does no damage.
You hit the frilled lizard.
You kill the frilled lizard!
Ijyb hits you but does no damage.
You hit Ijyb but do no damage. Ijyb hits you with a +0 club.
You hit Ijyb but do no damage.
Ijyb zaps a wand.
The bolt of acid hits you. The endoplasm barely misses you.
You hit Ijyb but do no damage. Ijyb closely misses you.
The endoplasm hits you but does no damage.
You hit Ijyb but do no damage. Ijyb barely misses you.
The endoplasm barely misses you.
You hit the endoplasm but do no damage. Ijyb hits you with a +0 club.
The endoplasm freezes you.
You are frozen.
You resist.
You hit the endoplasm but do no damage. Ijyb hits you but does no damage.
You block the endoplasm's attack.
You barely miss the endoplasm.
Ijyb zaps a wand.
The bolt of acid hits you!
* * * LOW HITPOINT WARNING * * *
The acid corrodes you! The endoplasm barely misses you.
The endoplasm jiggles.
The endoplasm freezes you.
You are frozen.
You resist.
* * * LOW HITPOINT WARNING * * *
Ijyb hits you with a +0 club.
You die...

#.# #...# # #.# #...#
#.#.# #...# #.#.# #...#
##.#.##########...#
.#+#.................####
.........########........
.........# #.............
.......†@# #.#..#.#######
........Jg...#..#.#
.........#.#.#. #.#
########...# .. ..#
...#### #.. #... ...
#.... ##..#


You could see Ijyb and an endoplasm.

Vanquished Creatures
  A gnoll (D:1)
  An orc (D:3)
  3 bats
  2 giant cockroaches (D:1)
  3 goblins (D:1)
  3 hobgoblins
  5 kobolds
  4 quokkas
  7 ball pythons
  3 frilled lizards
  3 rats
35 creatures vanquished.

Notes
Turn   | Place    | Note
-------+----------+-------------------------------------------
     0 | D:1      | Destructed3 the Mummy Fighter began the quest for the Orb.
     0 | D:1      | Reached XP level 1. HP: 18/18 MP: 1/1
    71 | D:1      | Reached XP level 2. HP: 12/24 MP: 2/2
   326 | D:1      | Found a faded altar of an unknown god.
   340 | D:1      | Prayed at the altar of an unknown god.
   340 | D:1      | Became a worshipper of Ignis, the Dying Flame
   528 | D:1      | Found Mebegh's Book Emporium.
   846 | D:1      | Gained mutation: You are in touch with the powers of death.
                  | [Mummy growth]
   846 | D:1      | Reached XP level 3. HP: 20/29 MP: 3/3
  2074 | D:3      | Got the Essays on Lofty Terra Firma
  2155 | D:3      | Noticed Ijyb
  2165 | D:3      | HP: 1/29 [frozen (1)]
  2165 | D:3      | Slain by Ijyb

Illustrated notes

Levels and vault maps discovered:
D:1:      minmay_arrival_stair_chambers, layout_basic,
          hellmonk_ecumenical_altar_zigzags, serial_shops, shop_statue,
          chequers_avenue
D:2:      layout_rooms
D:3:      layout_basic, mainiacjoe_overflow_six_doors_small, uniq_ijyb

Skill      XL: |  1  2  3 |
---------------+----------+-----
Armour         | 3 |  3.0
Fighting       | |  3.4
Short Blades   | |  1.9
Stealth        | |  0.1
Shields        | |  2.7

Action                   || total
-------------------------++-------
Melee: Rapier            ||    59
       Short sword       ||   108
  Use: Scroll            ||     3
Armor: Scale mail        ||    79
Dodge: Dodged            ||    98
Block: Buckler           ||    34
